 Dungeon Crawl Stone Soup version 0.19-a0-1899-g2d93087 (webtiles) character file.

67 JeffiDaFish the Skirmisher (level 4, -1/41 HPs)
             Began as a Hill Orc Fighter on Oct 19, 2016.
             Slain by an adder (2 damage)
             ... on level 2 of the Dungeon.
             The game lasted 00:03:45 (830 turns).

JeffiDaFish the Skirmisher (Hill Orc Fighter)        Turns: 830, Time: 00:03:47

Health: -1/41      AC:  8    Str: 17 (19) XL:     4   Next: 18%
Magic:  4/4        EV:  7    Int:  7 (8)  God:
Gold:   38         SH:  8    Dex:  8 (10) Spells: 0 memorised, 3 levels left

rFire  . . .     SeeInvis .     a - +0 war axe
rCold  . . .     Gourm    .     b - +0 scale mail
rNeg   . . .     Faith    .     c - +0 shield
rPois  .         Spirit   .     (no helmet)
rElec  .         Reflect  .     (no cloak)
rCorr  .         Harm     .     (no gloves)
MR     .....                    (no boots)
Stlth  ..........               (no amulet)
                                (no ring)
                                (no ring)

@: lethally poisoned (-1 -> -9)
A: iridescent scales 1, blink, deterioration 1, MP-powered wands
a: Blink


You were on level 2 of the Dungeon.
You were not hungry.

You visited 1 branch of the dungeon, and saw 2 of its levels.

You collected 38 gold pieces.

Inventory:

Hand Weapons
 a - a +0 war axe (weapon)
Armour
 b - a +0 scale mail (worn)
 c - a +0 shield (worn)
Potions
 d - 2 potions of might
 e - a potion of heal wounds
Comestibles
 f - a bread ration
 g - 2 chunks of flesh


   Skills:
 + Level 4.3 Fighting
 + Level 4.0 Axes
 + Level 3.6 Armour
 + Level 3.8 Shields


You had 3 spell levels left.
You didn't know any spells.

Dungeon Overview and Level Annotations

Branches:
Dungeon (2/15)

Altars:


Innate Abilities, Weirdness & Mutations

You are partially covered in iridescent scales. (AC +2)
You can translocate small distances at will.
Your body sometimes deteriorates upon taking damage.
You expend magic power (3 MP) to strengthen your wands.


Message History

The adder closely misses you. The adder bites you but does no damage.
You block the adder's attack. The adder bites you but does no damage.
You barely miss the adder.
The adder is heavily wounded.
You closely miss the adder. You miss the adder.
You feel sick. The adder barely misses you. The adder bites you.
* * * LOW HITPOINT WARNING * * *
You are more poisoned.
The adder poisons you! The adder bites you.
* * * LOW HITPOINT WARNING * * *
The adder bites you but does no damage. The adder closely misses you.
The adder bites you but does no damage.
You hit the adder.
The adder is almost dead.
You hit the adder.
You kill the adder!
Your shield and scale mail prevent you from hitting the adder.
* * * LOW HITPOINT WARNING * * *
You feel sick. The adder bites you.
You die...

.......###...#
........#...##
...........##
...........#
<........###
..........### #
....)...#.... .#
........#.##.# #####.###
.......##.....##@S......
...?.$.(#####..#.Sr.....
.........## #..wg[......
..........# #...........
........>.# ###.........
..!.......####..........
.#.........(............
..............##..).....
..!.......######........


You could see a worm, 2 adders, a quokka and a hobgoblin.

Vanquished Creatures
  A gnoll (D:1)
  An adder (D:2)
  4 dart slugs (D:1)
  4 leopard geckos
  6 bats
  A giant cockroach (D:2)
  2 goblins (D:1)
  5 hobgoblins
  2 jackals (D:1)
  2 frilled lizards (D:1)
  6 kobolds
  5 rats (D:1)
39 creatures vanquished.

Notes
Turn   | Place    | Note
-------+----------+-------------------------------------------
     0 | D:1      | JeffiDaFish the Hill Orc Fighter began the quest for the Orb.
     0 | D:1      | Reached XP level 1. HP: 19/19 MP: 1/1
    42 | D:1      | Reached XP level 2. HP: 22/27 MP: 2/2
   200 | D:1      | Reached XP level 3. HP: 22/33 MP: 3/3
   769 | D:2      | Gained mutation: Your body sometimes deteriorates upon taking damage. [potion of mutation]
   769 | D:2      | Gained mutation: Armour fits poorly on your strangely shaped body. [potion of mutation]
   769 | D:2      | Gained mutation: You can translocate small distances at will. [potion of mutation]
   770 | D:2      | Gained mutation: You expend magic power (3 MP) to strengthen your wands. [potion of mutation]
   770 | D:2      | Lost mutation: Armour fits poorly on your strangely shaped body. [potion of mutation]
   770 | D:2      | Gained mutation: You are partially covered in iridescent scales. (AC +2) [potion of mutation]
   787 | D:2      | Reached XP level 4. HP: 41/41 MP: 4/4
   829 | D:2      | HP: 2/41 [adder (3)]
   830 | D:2      | Slain by an adder

Vault maps used:
D:1:      minmay_arrival_diagonal_passages

Skill      XL: |  1  2  3 |
---------------+----------+-----
Axes           | 3 4 |  4.0
Fighting       | 4 |  4.3
Armour         | |  3.6
Shields        | |  3.8

Action                   |  1- 3 |  4- 6 || total
-------------------------+-------+-------++-------
Melee: War axe           |   102 |    10 ||   112
  Use: Scroll            |     3 |       ||     3
       Potion            |     5 |       ||     5
Armor: Scale mail        |    49 |    26 ||    75
Dodge: Dodged            |    39 |    15 ||    54
Block: Shield            |    63 |    15 ||    78
